 Dungeon Crawl Stone Soup version 0.17.1-2-g5865329 (webtiles) character file.

4347 Glider the Basher (level 10, -1/70 HPs)
             Began as a Demonspawn Chaos Knight on Jan 17, 2016.
             Slain by an orc warrior
             ... wielding a +0 short sword
              (10 damage)
             ... on level 8 of the Dungeon.
             The game lasted 00:34:11 (8533 turns).

Glider the Basher (Demonspawn Chaos Knight)         Turns: 8533, Time: 00:34:11

Health: -1/70      AC: 15    Str: 15    XL:     10   Next: 12%
Magic:  0/10       EV: 12    Int: 18    God:    Xom [....*.]
Gold:   248        SH:  0    Dex: 11    Spells: 0 memorised, 9 levels left

rFire  + . .     SeeInvis .     I - +1 great mace (chaos)
rCold  . . .     Clarity  .     b - +2 leather armour
rNeg   . . .     SustAt   .     (shield currently unavailable)
rPois  .         Gourm    .     (helmet restricted)
rElec  .         Spirit   +     s - +1 cloak
rCorr  .         Warding  .     (no gloves)
rMut   .         Stasis   .     j - +0 pair of boots
MR     .....                    (no amulet)
Stlth  +.........               (no ring)
                                d - ring of wizardry

@: not resistant to hostile enchantments, very unstealthy
A: hooves 1, horns 1, rough black scales 2, clever 1, fire resistance 1,
mutation resistance 2, regeneration 2, strong 1, magic shield, flame cloud
immunity
a: Renounce Religion


You were on level 8 of the Dungeon.
You worshipped Xom.
You were a beloved toy of Xom.
You were very hungry.

You visited 2 branches of the dungeon, and saw 9 of its levels.

You collected 378 gold pieces.
You spent 130 gold pieces at shops.

Inventory:

Hand Weapons
 a - a +0 mace of chaos
 I - a +1 great mace of chaos (weapon)
Missiles
 f - 4 javelins (quivered)
Armour
 b - a +2 leather armour (worn)
 j - a +0 pair of boots (worn)
 p - a +0 helmet
 s - a +1 cloak (worn)
Jewellery
 d - a ring of wizardry (left hand)
 q - an uncursed ring of wizardry
 r - an uncursed ring of teleportation
Wands
 E - a wand of lightning (3)
 J - a wand of cold (6)
Scrolls
 i - 2 scrolls of remove curse
 k - 2 scrolls of immolation {unknown}
 l - 2 scrolls of magic mapping {unknown}
 m - 2 scrolls of enchant armour {unknown}
 o - 4 scrolls of teleportation {unknown}
 w - a scroll of noise {unknown}
 y - 3 scrolls of fear {unknown}
 C - 2 scrolls of amnesia
 F - a scroll of vulnerability
 H - a scroll of brand weapon
 M - a scroll of random uselessness {unknown}
Potions
 e - 9 potions of curing
 h - 2 potions of berserk rage
 n - 2 potions of haste
 v - a potion of resistance
 x - 2 potions of agility
 z - a potion of lignification
 B - 2 potions of brilliance
 K - a potion of cure mutation
 L - a potion of heal wounds
Books
 D - a book of Conjurations

   Spells                             Type                      Level
   a - Magic Dart                     Conjuration                  1
   b - Searing Ray                    Conjuration                  2
   c - Dazzling Spray                 Conjuration/Hexes            3
   d - Fulminant Prism                Conjuration/Hexes            4
   e - Iskenderun's Mystic Blast      Conjuration                  4
   f - Iskenderun's Battlesphere      Conjuration/Charms           5
 N - a book of Ice

   Spells                             Type                      Level
   a - Ice Form                       Ice/Transmutation            4
   b - Metabolic Englaciation         Hexes/Ice                    5
   c - Ozocubu's Refrigeration        Ice                          6
   d - Bolt of Cold                   Conjuration/Ice              6
   e - Freezing Cloud                 Conjuration/Ice/Air          6
   f - Simulacrum                     Ice/Necromancy               6
Miscellaneous
 G - a phial of floods
Comestibles
 c - 11 bread rations
 g - a beef jerky
 t - 3 meat rations
 u - a royal jelly
 A - a chunk of flesh


   Skills:
 * Level 3.3 Fighting
 - Level 13.0 Maces & Flails
 * Level 2.2 Armour
 * Level 2.0 Dodging


You had 9 spell levels left.
You didn't know any spells.

Dungeon Overview and Level Annotations

Branches:
Dungeon (8/15)             Temple (1/1) D:4
   Lair: D:8-11

Altars:
Ashenzari
Cheibriados
Dithmenos
Elyvilon
Gozag
Kikubaaqudgha
Makhleb
Nemelex Xobeh
Okawaru
Qazlal
Ru
Sif Muna
Trog
Vehumet
Xom
Yredelemnul
Zin
The Shining One

Shops:
D:7 *=*


Innate Abilities, Weirdness & Mutations

You have a pair of small horns on your head.
You are mostly covered in rough black scales (AC +7, Dex -2).
Your flesh is heat resistant.
When hurt, damage is shared between your health and your magic reserves.
You are immune to clouds of flame.
You have large cloven feet.
Your mind is acute. (Int +2)
You are somewhat resistant to both further mutation and mutation removal.
You heal very quickly.
Your muscles are strong. (Str +2)


Message History

The orc warrior hits you but does no damage.
You hit the orc warrior but do no damage.
The orc warrior seems to speed up.
The orc warrior is heavily wounded.
The orc warrior hits you with a short sword!
* * * LOW HITPOINT WARNING * * *
Your iron imp hits the orc warrior but does no damage.
You are starving!
You closely miss the orc warrior.
You headbutt the orc warrior, but do no damage.
The orc warrior is heavily wounded.
The orc warrior hits you with a short sword.
* * * LOW HITPOINT WARNING * * *
Your iron imp completely misses the orc warrior.
The orc warrior hits you but does no damage.
Eat one of 2 chunks of flesh? (ye/n/q/i?) This raw flesh tastes terrible.
You are feeling very hungry.
The orc warrior hits you with a short sword!
You die...

#<#....#..# .#..#
##........# .....
.............###.....
........###..)...##
..##.....#........# .
#..#..#..#..#.)#
....#######..####
.... #..#..#.?#
...... #(.....@.#
...###....5o##
........###.....
.........#.......
##....#..#..#..#..
##...#######..# #
#... ..# ##.. .. ##


You could see an orc warrior and a friendly iron imp.

Vanquished Creatures
  Pikel (D:7)
  A cyclops (D:7)
  A spriggan (D:7)
  Sigmund (D:5)
  3 hungry ghosts
  3 yaks
  Menkaure (D:5)
  The ghost of Opium the Magician, an amateur DEWz (D:3)
  A hippogriff (D:8)
  Duvessa (D:5)
  A phantom (D:7)
  A slave (D:7)
  A sky beast (D:5)
  5 ogres
  5 giant frogs
  Dowan (D:5)
  A scorpion (D:6)
  A wight (D:8)
  A crimson imp (D:5)
  A jelly (D:5)
  A giant frog skeleton (D:5)
  2 giant frog zombies
  An iguana (D:6)
  4 orc wizards
  Crazy Yiuf (D:2)
  A gnoll shaman (D:5)
  4 orc priests
  4 worker ants
  Terence (D:2)
  3 hound skeletons
  A hound zombie (D:5)
  Robin (D:2)
  12 adders
  8 gnolls
  An adder skeleton (D:4)
  5 worms
  A worm (shapeshifter) (D:7)
  3 giant geckos
  19 orcs
  A ball python (shapeshifter) (D:5)
  6 giant cockroaches
  14 goblins
  9 hobgoblins
  17 jackals
  11 kobolds
  3 quokkas
  12 bats
  A giant gecko skeleton (D:6)
  A giant gecko zombie (D:6)
  6 giant newts
  A jackal skeleton (D:5)
  10 rats
197 creatures vanquished.

Vanquished Creatures (collateral kills)
  A goblin (D:2)
1 creature vanquished.

Vanquished Creatures (others)
  A yak (D:6)
  3 slaves (D:7)
  An ice beast (D:7)
  A fungus (D:8)
6 creatures vanquished.

Grand Total: 204 creatures vanquished

Notes
Turn   | Place    | Note
--------------------------------------------------------------
     0 | D:1      | Glider the Demonspawn Chaos Knight began the quest for the Orb.
     0 | D:1      | Reached XP level 1. HP: 18/18 MP: 1/1
   141 | D:1      | XOM: divination: detect items
   191 | D:1      | Gained mutation: When hurt, damage is shared between your health and your magic reserves. [demonic ancestry]
   191 | D:1      | Reached XP level 2. HP: 22/24 MP: 2/2
   194 | D:1      | XOM: smoke on damage
   441 | D:1      | XOM: mild Erth miscast
   532 | D:1      | XOM: silly message
   585 | D:1      | XOM: harmless Fire miscast
   783 | D:2      | Gained mutation: Your flesh is heat resistant. [demonic ancestry]
   783 | D:2      | Reached XP level 3. HP: 29/29 MP: 3/3
   801 | D:2      | XOM: divination: detect creatures
   942 | D:2      | Reached skill level 4 in Maces & Flails
  1000 | D:2      | Found an ancient bone altar of Kikubaaqudgha.
  1030 | D:2      | Noticed Terence
  1038 | D:2      | XOM: silly message
  1054 | D:2      | Killed Terence
  1266 | D:2      | XOM: 2-stop teleportation journey
  1325 | D:2      | Noticed Robin
  1327 | D:2      | Gained mutation: You are partially covered in rough black scales (AC +4, Dex -1). [demonic ancestry]
  1327 | D:2      | Reached XP level 4. HP: 35/35 MP: 4/4
  1333 | D:2      | Killed Robin
  1492 | D:2      | XOM: 1-stop teleportation journey
  1582 | D:2      | Noticed Crazy Yiuf
  1590 | D:2      | Killed Crazy Yiuf
  1590 | D:2      | Reached skill level 5 in Maces & Flails
  1748 | D:2      | Reached XP level 5. HP: 18/41 MP: 3/5
  2596 | D:3      | Noticed Opium's ghost (amateur DEWz)
  2599 | D:3      | XOM: summons friendly crimson imp
  2600 | D:3      | XOM: mild Tloc miscast
  2609 | D:3      | XOM: medium Tloc miscast
  2610 | D:3      | Noticed a spatial vortex
  2610 | D:3      | XOM: confuse monster(s)
  2773 | D:2      | XOM is BORED!
  2773 | D:2      | XOM: summons 2 hostile demons
  3016 | D:3      | Found a sacrificial altar of Ru.
  3021 | D:3      | XOM: confusion (+ monsters)
  3135 | D:3      | Reached skill level 6 in Maces & Flails
  3359 | D:3      | Gained mutation: You are mostly covered in rough black scales (AC +7, Dex -2). [demonic ancestry]
  3359 | D:3      | Reached XP level 6. HP: 25/47 MP: 3/6
  3373 | D:3      | XOM: confusion (+ monsters)
  3390 | D:3      | Killed Opium's ghost
  4262 | D:4      | Found a staircase to the Ecumenical Temple.
  4271 | Temple   | Entered the Ecumenical Temple
  4480 | D:4      | XOM: mild Pois miscast
  4815 | D:4      | Reached skill level 7 in Maces & Flails
  4992 | D:5      | Entered Level 5 of the Dungeon
  5131 | D:5      | XOM: colour smoke trail
  5179 | D:5      | Reached XP level 7. HP: 49/52 MP: 7/7
  5332 | D:5      | Noticed Duvessa
  5332 | D:5      | Noticed Dowan
  5348 | D:5      | XOM: confuse monster(s)
  5350 | D:5      | XOM: confuse monster(s)
  5351 | D:5      | XOM: harmless Divn miscast
  5364 | D:5      | Killed Duvessa
  5364 | D:5      | Reached skill level 8 in Maces & Flails
  5373 | D:5      | Killed Dowan
  5542 | D:5      | Gained mutation: Your muscles are strong. (Str +2) [mutagenic meat]
  5583 | D:5      | Noticed Sigmund
  5589 | D:5      | Killed Sigmund
  5625 | D:5      | Reached skill level 9 in Maces & Flails
  5625 | D:5      | Gained mutation: You have a pair of small horns on your head. [demonic ancestry]
  5625 | D:5      | Reached XP level 8. HP: 51/58 MP: 6/8
  5647 | D:5      | XOM: silly message
  5993 | D:5      | XOM: medium Fire miscast
  6013 | D:5      | Noticed Menkaure
  6013 | D:5      | XOM: blink monster(s)
  6018 | D:5      | Killed Menkaure
  6042 | D:5      | XOM: mild Tloc miscast
  6064 | D:5      | Gained mutation: Your natural rate of healing is unusually fast. [mutagenic meat]
  6112 | D:5      | XOM: harmless Chrm miscast
  6116 | D:5      | Reached skill level 10 in Maces & Flails
  6265 | D:5      | Found a burning altar of Makhleb.
  6423 | D:5      | XOM: mild Pois miscast
  6473 | D:5      | XOM: noise
  6480 | D:5      | HP: 1/58 [yak (11)]
  6487 | D:5      | XOM: enchant monster (good)
  6490 | D:5      | XOM: summons friendly shadow imp
  6497 | D:5      | XOM: summons friendly white imp
  6502 | D:5      | XOM: 1-stop teleportation journey
  6631 | D:6      | XOM: enchant monster (good)
  6637 | D:6      | Reached skill level 11 in Maces & Flails
  6637 | D:6      | Gained mutation: You are immune to clouds of flame. [demonic ancestry]
  6637 | D:6      | Reached XP level 9. HP: 57/63 MP: 7/9
  6648 | D:6      | XOM: god gift: phial of floods
  6811 | D:6      | XOM: god gift: runed great mace {god gift}
  6812 | D:6      | XOM: god gift: bread ration
  6941 | D:6      | XOM: give mutation
  6941 | D:6      | Gained mutation: You are somewhat resistant to further mutation. [Xom's grace]
  6957 | D:6      | XOM: divination: detect items
  7034 | D:6      | XOM: smoke on damage
  7102 | D:6      | XOM: god gift: 54 gold pieces
  7184 | D:6      | Found a stormy altar of Qazlal.
  7259 | D:6      | XOM: give mutation
  7259 | D:6      | Gained mutation: Your mind is acute. (Int +2) [Xom's grace]
  7473 | D:7      | Found Ikloaj's General Store.
  7481 | D:7      | Bought a potion of curing for 39 gold pieces
  7481 | D:7      | Bought a potion of heal wounds for 65 gold pieces
  7481 | D:7      | Bought a scroll of identify for 26 gold pieces
  7546 | D:7      | Found Gerublack's General Store.
  7601 | D:7      | Noticed Pikel
  7607 | D:7      | XOM: polymorph boggart -> iguana
  7617 | D:7      | XOM: fog
  7623 | D:7      | Killed Pikel
  7623 | D:7      | Reached skill level 12 in Maces & Flails
  7647 | D:7      | Found Heimev's Jewellery Emporium.
  7647 | D:7      | Noticed a cyclops
  7648 | D:7      | XOM: cast spell 'Call Canine Familiar'
  7649 | D:7      | XOM: butterfly on damage
  7654 | D:7      | Killed a cyclops
  7777 | D:7      | XOM: give mutations
  7777 | D:7      | Gained mutation: You heal very quickly. [Xom's grace]
  7777 | D:7      | Gained mutation: You are somewhat resistant to both further mutation and mutation removal. [Xom's grace]
  7777 | D:7      | Gained mutation: You have large cloven feet. [Xom's grace]
  7794 | D:7      | Found a white marble altar of Elyvilon.
  7797 | D:7      | Found a glowing golden altar of the Shining One.
  7798 | D:7      | Found a glowing silver altar of Zin.
  8110 | D:7      | XOM: cast spell 'Ring of Flames'
  8323 | D:7      | Reached skill level 13 in Maces & Flails
  8323 | D:7      | Reached XP level 10. HP: 55/70 MP: 6/10
  8464 | D:8      | Reached skill level 1 in Dodging
  8510 | D:8      | XOM: fake destruction
  8528 | D:8      | XOM: summons friendly iron imp
  8533 | D:8      | Slain by an orc warrior

Action                   |  1- 3 |  4- 6 |  7- 9 | 10-12 || total
-------------------------+-------+-------+-------+-------++-------
Melee: Mace              |   136 |   302 |   285 |       ||   723
       Great mace        |       |       |   115 |    32 ||   147
  Use: Potion            |       |     1 |     1 |       ||     2
       Scroll            |       |     4 |     8 |       ||    12
 Stab: Paralysed         |    10 |     5 |     2 |       ||    17
       Confused          |     1 |     4 |     2 |       ||     7
       Petrifying        |     2 |       |     2 |       ||     4
       Petrified         |       |     1 |       |       ||     1
  Eat: Chunk             |     2 |    12 |    14 |     5 ||    33
       Beef jerky        |       |       |     3 |       ||     3
